 Dungeon Crawl Stone Soup version 0.30-a0-5-g3a90980b9d (webtiles) character file.

Game seed: 11133291931498411539

137 Anathary the Trooper (level 5, 0/42 HPs)
             Began as a Demonspawn Berserker on Aug 22, 2022.
             Was a Believer of Trog.
             Slain by a gnoll
             ... wielding a +0 halberd
             ... led by a gnoll bouda
              (13 damage)
             ... on level 4 of the Dungeon on Aug 28, 2022.
             The game lasted 00:16:38 (4152 turns).

Anathary the Trooper (Demonspawn Berserker)         Turns: 4152, Time: 00:16:39

Health: 0/42       AC:  8    Str: 19    XL:     5   Next: 0%
Magic:  5/5        EV:  8    Int:  9    God:    Trog [**....]
Gold:   103        SH:  0    Dex: 12    Spells: 4/4 levels left

rFire   . . .      SeeInvis .    a - +0 hand axe
rCold   . . .      Faith    .    (no shield)
rNeg    . . .      Spirit   .    l - +0 chain mail
rPois   .          Reflect  .    (helmet restricted)
rElec   .          Harm     .    (no cloak)
rCorr   .          Rampage  .    (no gloves)
Will    .....                    (no boots)
Stlth   ..........               (no amulet)
HPRegen 0.14/turn                (no ring)
MPRegen 0.09/turn                (no ring)

@: no status effects
A: hooves 1, horns 2
a: Renounce Religion, Berserk, Trog's Hand


You were on level 4 of the Dungeon.
You worshipped Trog.
Trog was pleased with you.
You visited 1 branch of the dungeon, and saw 4 of its levels.

You collected 103 gold pieces.

Inventory:

Hand Weapons
 a - a +0 hand axe (weapon)
Armour
 l - a +0 chain mail (worn)
Scrolls
 e - 2 scrolls of teleportation {unknown}
 g - 2 scrolls of brand weapon {unknown}
 i - 2 scrolls of enchant armour {unknown}
 o - a scroll of identify {unknown}
 p - a scroll of torment {unknown}
Potions
 b - a potion of berserk rage {unknown}
 c - 3 potions of invisibility {unknown}
 d - 2 potions of brilliance {unknown}
 f - a potion of heal wounds {unknown}
 h - 2 potions of curing {unknown}
 j - a potion of mutation {unknown}
 k - a potion of attraction {unknown}
 m - a potion of lignification {unknown}
 n - 2 potions of might {unknown}


   Skills:
 + Level 3.8 Fighting
 + Level 3.7 Axes
 + Level 2.1 Armour
 + Level 2.4 Dodging
 + Level 1.5 Stealth


You had 4 spell levels left.
You didn't know any spells.
Your spell library was empty.

Dungeon Overview and Level Annotations

Branches:
Dungeon (4/15)
 Temple: D:4-7

Altars:
Cheibriados
Gozag
Okawaru


Innate Abilities, Weirdness & Mutations

You have large cloven feet.
You have a pair of horns on your head.


Message History

i - 2 scrolls labelled MUDUGE WOOM (gained 1)
You see here a scroll labelled CYDIMP ULUET.
You hit the dart slug. You kick the dart slug. You headbutt the dart slug.
You kill the dart slug!
Trog accepts your kill.
You have reached level 5!
p - a scroll labelled CYDIMP ULUET A gnoll and an iguana come into view.
The iguana hisses angrily.
You barely miss the iguana. The iguana bites you.
The iguana attacks as you move away! The iguana barely misses you.
You barely miss the iguana. You kick the iguana.
The iguana is lightly wounded.
The iguana bites you!
You hit the iguana but do no damage. Your headbutt misses the iguana.
The iguana is lightly wounded.
The iguana bites you!
You hit the iguana. You kick the iguana, but do no damage.
The iguana is heavily wounded.
The iguana barely misses you.
You hit the iguana. Your kick misses the iguana.
Your headbutt misses the iguana.
The iguana is severely wounded.
The iguana bites you but does no damage.
The gnoll barely misses you.
You barely miss the iguana. Your kick misses the iguana.
You headbutt the iguana, but do no damage.
The iguana is severely wounded.
The iguana barely misses you.
The gnoll hits you from afar with a +0 halberd.
You completely miss the iguana.
The iguana is severely wounded.
The iguana closely misses you.
The gnoll hits you from afar with a +0 halberd. x2
The iguana bites you.
You hit the iguana but do no damage. You kick the iguana.
You kill the iguana!
Trog accepts your kill.
The gnoll hits you from afar with a +0 halberd!
You die...

#............
#.....##...##
.....##...##
...........
..........
$........
#.g...g.. #†#
#####@##+##
#.........#
#.........#
#.........#
#.........+
#.........#
#.........+
#.........#
#.........#


You could see a gnoll.

Vanquished Creatures
  An iguana (D:4)
  Terence (D:2)
  5 adders
  A worm (D:2)
  3 dart slugs
  6 ball pythons
  2 bats
  2 endoplasms (D:2)
  2 giant cockroaches (D:3)
  7 goblins
  8 hobgoblins
  4 quokkas
  7 frilled lizards
  9 kobolds
  5 rats
63 creatures vanquished.

Notes
Turn   | Place    | Note
-------+----------+-------------------------------------------
     0 | D:1      | Anathary the Demonspawn Berserker began the quest for the
                  | Orb.
     0 | D:1      | Reached XP level 1. HP: 18/18 MP: 1/1
   235 | D:1      | Discovered your monstrous ancestry.
   235 | D:1      | Gained mutation: You have a pair of small horns on your
                  | head. [demonic ancestry]
   235 | D:1      | Reached XP level 2. HP: 23/24 MP: 2/2
  1319 | D:2      | Gained mutation: You have large cloven feet. [demonic
                  | ancestry]
  1319 | D:2      | Reached XP level 3. HP: 8/29 MP: 3/3
  1328 | D:2      | Reached ** piety under Trog
  2271 | D:2      | Noticed Terence
  2337 | D:2      | Reached skill level 1 in Stealth
  2350 | D:2      | Gained mutation: You have a pair of horns on your head.
                  | [demonic ancestry]
  2350 | D:2      | Reached XP level 4. HP: 28/36 MP: 4/4
  2798 | D:2      | Killed Terence
  3742 | D:3      | Found an opulent altar of Gozag.
  3763 | D:3      | Found an iron altar of Okawaru.
  3777 | D:3      | Found a snail-covered altar of Cheibriados.
  4139 | D:4      | Reached XP level 5. HP: 42/42 MP: 5/5
  4152 | D:4      | Slain by a gnoll

Illustrated notes

Levels and vault maps discovered:
D:1:      dpeg_arrival_boxorama, layout_loops_ring, moated_statue, minivault_11,
          wander_ebering_terrifying_dragon_lair
D:2:      layout_rooms, serial_shops, nicolae_shop_waterfront,
          minmay_octomino_j4, uniq_terence
D:3:      layout_loops_ring, chequers_temple_overflow_statue_of_worship,
          mainiacjoe_overflow_brackets
D:4:      layout_basic, bloody_trog, cheibrodos_ashenzari_chains,
          minmay_temple_entry_stoned_glass, uniq_crazy_yiuf_cottage

Skill      XL: |  1  2  3 |
---------------+----------+-----
Axes           | 3 |  3.7
Armour         | 2 |  2.1
Dodging        | 2 |  2.4
Stealth        | 1 |  1.5
Fighting       | |  3.8

Action                   |  1- 3 |  4- 6 || total
-------------------------+-------+-------++-------
Melee: Hand axe          |   113 |    53 ||   166
       Headbutt          |    10 |     7 ||    17
       Kick              |    15 |    23 ||    38
       Punch             |     2 |       ||     2
 Stab: Sleeping          |     2 |       ||     2
Armor: Animal skin       |    13 |       ||    13
       Chain mail        |       |     8 ||     8
Dodge: Dodged            |    63 |    26 ||    89

Table legend: (Time is in decaauts)
 A = Elapsed time spent in this place.
 B = Non-inter-level travel time spent in this place.
 C = Inter-level travel time spent in this place.
 D = Time resting spent in this place.
 E = Time spent auto-exploring this place.
 F = Levels seen in this place.
 G = Mean time per level.
                   A        B        C        D        E       F      G
               +--------+--------+--------+--------+--------+-----+--------+
         Total |   4175 |   3996 |    179 |   2027 |    798 |   4 | 1043.8 |
       Dungeon |   4175 |   3996 |    179 |   2027 |    798 |   4 | 1043.8 |
               +--------+--------+--------+--------+--------+-----+--------+

Top non-repeatable levels by time:
     D:2: 1774 daAuts
     D:1: 1287 daAuts
     D:3: 1050 daAuts
     D:4: 62 daAuts
